 Dungeon Crawl Stone Soup version 0.23.0 (webtiles) character file.

Game seed: 15789683337849972365

10 Monsterracer the Poker (level 2, -1/36 HPs)
             Began as a Merfolk Chaos Knight on Feb 10, 2019.
             Was a Plaything of Xom.
             Slain by an ice dragon (glowing shapeshifter) (6 damage)
             ... on level 1 of the Dungeon.
             The game lasted 00:01:48 (559 turns).

Monsterracer the Poker (Merfolk Chaos Knight)        Turns: 559, Time: 00:01:48

Health: -1/36      AC:  5    Str: 17    XL:     2   Next: 20%
Magic:  1/11       EV: 13    Int: 11    God:    Xom [.....*]
Gold:   15         SH:  0    Dex: 13    Spells: 1/1 levels left

rFire    . . .     SeeInvis .   a - +0 spear (chaos)
rCold    . . .     Gourm    .   (no shield)
rNeg     . . .     Faith    .   b - +2 leather armour
rPois    .         Spirit   .   (no helmet)
rElec    .         Reflect  .   (no cloak)
rCorr    .         Harm     .   (no gloves)
MR       .....                  (no boots)
Stlth    ..........             (no amulet)
HPRegen  0.12/turn              g - ring of magical power
MPRegen  0.12/turn              (no ring)

@: berserking, very quick
A: change form in water, swift swim, stealthy swim
a: Renounce Religion


You were on level 1 of the Dungeon.
You worshipped Xom.
You were Xom's teddy bear.
You were not hungry.

You visited 1 branch of the dungeon, and saw 1 of its levels.

You collected 15 gold pieces.

Inventory:

Hand Weapons
 a - a +0 spear of chaos (weapon)
Armour
 b - a +2 leather armour (worn)
Jewellery
 g - a ring of magical power (left hand)
Scrolls
 e - a scroll of enchant armour {unknown}
 f - 2 scrolls of identify {unknown}
 h - a scroll of teleportation {unknown}
Potions
 d - a potion of curing {unknown}
Comestibles
 c - 4 rations


   Skills:
 + Level 3.4 Fighting
 * Level 4.9 Polearms
 - Level 0.6 Armour
 + Level 3.0 Dodging


You had one spell level left.
You didn't know any spells.
Your spell library was empty.

Dungeon Overview and Level Annotations

Branches:
Dungeon (1/15)

Altars:


Message History

A giant cockroach is nearby!
A giant cockroach is nearby!
You hit the giant cockroach.
The giant cockroach is poisoned.
The giant cockroach is heavily wounded.
You kill the giant cockroach!
You open the door.
There is an open door here.
Xom's attention almost turns to you for a moment.
No target in view!
h - a scroll labeled NAOWKA KAO No target in view!
Key pressed, stopping explore.
No target in view!
You open the door.
There is an open door here.
Found a pair of boots.
You see here a pair of boots.
You see here a pair of boots.
Found a dagger.
A dart slug comes into view.
Attack whom?
Press: ? - help, Dir - move target cursor, f - dart slug
Aim: a dart slug You reach to attack!
You hit the dart slug but do no damage. You hit the dart slug but do no damage.
You hit the dart slug. You freeze the dart slug.
The dart slug is heavily wounded.
The dart slug barely misses you.
You hit the dart slug but do no damage.
The dart slug is heavily wounded.
You hit the dart slug.
The dart slug changes into a glowing shapeshifter!
The glowing shapeshifter is severely wounded.
Xom's power almost touches on you for a moment.
Motes of dust swirl before your eyes.
The glowing shapeshifter changes into a wolf spider!
You hit the wolf spider.
The wolf spider is moderately wounded.
The wolf spider closely misses you. The wolf spider bites you.
You take 1 damage, and have 23/24 hp.
You hit the wolf spider.
The wolf spider is moderately wounded.
The wolf spider hits you!!
Ouch! That really hurt!
* * * LOW HITPOINT WARNING * * *
Xom roars with laughter!
The wolf spider bites you.
* * * LOW HITPOINT WARNING * * *
You take 22 damage, and have 1/24 hp.
MASSIVE DAMAGE!!
Unknown command.
You closely miss the wolf spider.
The wolf spider is moderately wounded.
The wolf spider changes into a swamp worm!
You barely miss the swamp worm. You hit the swamp worm.
The swamp worm seems to speed up.
The swamp worm is lightly wounded.
The swamp worm changes into a glowing orange brain!
You hit the glowing orange brain.
The glowing orange brain is poisoned.
The glowing orange brain is lightly wounded.
You hit the glowing orange brain but do no damage.
The glowing orange brain looks as sick as possible!
The glowing orange brain is lightly wounded.
You hit the glowing orange brain but do no damage.
The glowing orange brain looks as sick as possible!
The glowing orange brain is lightly wounded.
You barely miss the glowing orange brain.
The glowing orange brain is moderately wounded.
The glowing orange brain changes into an anaconda!
You miss the anaconda.
The anaconda changes into a tyrant leech!
Char dumped successfully.
The tyrant leech changes into an alligator!
Xom smirks.
You detect nothing.
The alligator changes into a queen ant!
You almost hear Xom's maniacal laughter.
A chill runs through your body.
The queen ant changes into something you cannot see!
You feel you are being watched by something.
You feel your power leaking away.
You now have 2/11 mp.
You feel you are being watched by something.
You feel your power leaking away.
You now have 0/11 mp.
You feel you are being watched by something.
An ice dragon appears out of thin air!
Xom smiles on you.
A red film seems to cover your vision as you go berserk!
You feel yourself moving faster!
You feel mighty!
You are now Xom's teddy bear.
You now have 5/36 hp.
You feel a strong urge to attack something.
You hit the ice dragon.
The ice dragon appears confused.
The ice dragon is lightly wounded.
You strike the helpless ice dragon from behind!
You hit the ice dragon.
You hear a crackling sound.
The ice dragon is lightly wounded.
The ice dragon bites you.
You die...
Xom laughs nastily!

####...###.#...
#......'...#...
#.##...#####.##
#.##...# #.#. #.##...#
#.#. #.##...#####...
#.###..........
#########.###.#########
#....D@............#...
##.######.###....#.#...
#.# #.########.#... #.#
#...[.......... #.#
##########.#.## #.#
.#....#.# #.#
#######..#.##.#.# #.#
#........#.##.#.# #.#
#.....)..#......#


You could see an ice dragon (confused).

Vanquished Creatures
  A giant cockroach (D:1)
  2 goblins (D:1)
  A ball python (D:1)
  A bat (D:1)
  A frilled lizard (D:1)
  4 kobolds (D:1)
  A rat (D:1)
11 creatures vanquished.

Notes
Turn   | Place    | Note
-------+----------+-------------------------------------------
     0 | D:1      | Monsterracer the Merfolk Chaos Knight began the quest for
                  | the Orb.
     0 | D:1      | Reached XP level 1. HP: 18/18 MP: 1/1
   156 | D:1      | XOM: divination: detect creatures
   188 | D:1      | XOM: harmless Hex miscast
   222 | D:1      | Reached XP level 2. HP: 24/24 MP: 2/2
   373 | D:1      | XOM: harmless Chrm miscast
   521 | D:1      | Noticed a glowing shapeshifter
   521 | D:1      | a dart slug changed into a glowing shapeshifter
   521 | D:1      | XOM: harmless Erth miscast
   521 | D:1      | Noticed a wolf spider
   521 | D:1      | a glowing shapeshifter changed into a wolf spider
   523 | D:1      | HP: 3/24 [wolf spider (glowing shapeshifter) (20)]
   523 | D:1      | HP: 1/24 [wolf spider (glowing shapeshifter) (2)]
   524 | D:1      | Noticed a swamp worm
   524 | D:1      | a wolf spider changed into a swamp worm
   526 | D:1      | Noticed a glowing orange brain
   526 | D:1      | a swamp worm changed into a glowing orange brain
   530 | D:1      | Noticed an anaconda
   530 | D:1      | a glowing orange brain changed into an anaconda
   531 | D:1      | Noticed a tyrant leech
   531 | D:1      | an anaconda changed into a tyrant leech
   537 | D:1      | Noticed an alligator
   537 | D:1      | a tyrant leech changed into an alligator
   543 | D:1      | XOM: divination: detect creatures
   543 | D:1      | Noticed a queen ant
   543 | D:1      | an alligator changed into a queen ant
   546 | D:1      | XOM: harmless Ice miscast
   547 | D:1      | a queen ant changed into something unseen
   554 | D:1      | Noticed an ice dragon
   555 | D:1      | XOM: potion effect (berserk rage)
   559 | D:1      | Slain by an ice dragon (glowing shapeshifter)

Skill      XL: |  1  2 |
---------------+-------+-----
Dodging        | 3 |  3.0
Fighting       | |  3.4
Polearms       | |  4.9
Armour         | |  0.6

Action                   || total
-------------------------++-------
Melee: Spear             ||    49
 Stab: Confused          ||     1
Armor: Leather armour    ||     3
Dodge: Dodged            ||    16

Levels and vault maps discovered:
D:1:      matt_arrival_spirals, layout_basic, minmay_misc_feat_diagonals
